[Event "Early-Titled-Tuesday-Blitz-January-30-2024"]
[Site "Chess.com"]
[Date "2024.01.30"]
[Round "10"]
[White "hmatyi07"]
[Black "Horokoskii"]
[Result "0-1"]
[WhiteElo "2200"]
[BlackElo "2163"]
[TimeControl "180+1"]
[EndTime "10:01:11 PST"]
[Termination "Horokoskii won by resignation"]

1. e4 e6 2. d4 d5 3. exd5 exd5 4. Nf3 Bd6 5. c4 dxc4 6. Bxc4 Nf6 7. O-O O-O 8. Bg5 h6 9. Bh4 Be7 10. Nc3 Bg4 11. Re1 Nbd7 12. Rc1 Nb6 13. Bb3 c6 14. Qe2 Re8 15. Bxf7+ Kxf7 16. Ne5+ Kf8 17. Nxg4 Nxg4 18.
Bxe7+ Qxe7 19. Qf3+ Qf6 20. Qxg4 Kg8 21. h3 Rad8 22. Ne4 Qxd4 23. Rcd1 Qxb2 24. Rxd8 Rxd8 25. Qe6+ Kh8 26. Nd6 Rf8 27. Nf7+ Kh7 28. Qe7 Kg8 29. Qe6 Rxf7 30. Qe8+ Rf8 31. Qe6+ Kh8 32. Qe7 Qxf2+ 33. Kh1 Nd5 34. Qe5 Nf4 35. Rg1 Ne2 36. Rb1 Ng3+ 37. Kh2 Nf1+ 38. Kh1 Ne3 39. Rg1 Qf4 40. Qe7 Nf1 41.
g4 Qf3+ 42. Rg2 Ne3 43. Qe4 Qxe4 0-1

[Event "Early-Titled-Tuesday-Blitz-January-30-2024"]
[Site "Chess.com"]
[Date "2024.01.30"]
[Round "10"]
[White "Iskusnyh"]
[Black "Grandelicious"]
[Result "0-1"]
[WhiteElo "2668"]
[BlackElo "2895"]
[TimeControl "180+1"]
[EndTime "10:01:14 PST"]
[Termination "Grandelicious won on time"]

1. d4 Nf6 2. c4 g6 3. g3 c5 4. dxc5 Qa5+ 5. Nc3 Qxc5 6. Bg2 Qxc4 7. Bg5 Bg7 8. Rc1 Nc6 9. Nh3 Qb4 10. O-O Qa5 11. Bd2 Qd8 12. Nf4 O-O 13. Ncd5 Nxd5 14. Nxd5 Bxb2 15.
Bg5 Bxc1 16. Qxc1 d6 17. Qb2 Be6 18. Bh6 f6 19. Bxf8 Kxf8 20. Qxb7 Qc8 21. Qb2 Rb8 22. Qd2 Qd7 23. Rc1 Rc8 24. Qh6+ Kg8 25. Nf4 Ne5 26. Rxc8+ Qxc8 27. h3 Bxa2 28. Nd5 Bxd5 29. Bxd5+ e6 30. Bg2 a5 31. f4 Nf7 32. Qh4 Kg7 33. Qg4 a4 34. Qf3 Qc5+ 35. Kh2 a3 36. Qa8 d5 37.
e4 dxe4 38. Bxe4 f5 39. Bg2 Qb4 40. Qa7 Qb2 0-1

[Event "Early-Titled-Tuesday-Blitz-January-30-2024"]
[Site "Chess.com"]
[Date "2024.01.30"]
[Round "10"]
[White "chess123456s"]
[Black "carloseduar100"]
[Result "1-0"]
[WhiteElo "2533"]
[BlackElo "2290"]
[TimeControl "180+1"]
[EndTime "10:01:14 PST"]
[Termination "chess123456s won by checkmate"]

1. e4 e6 2. d4 d5 3. Nc3 Nf6 4. e5 Nfd7 5. f4 c5 6. Nf3 Nc6 7. Be3 Qb6 8. Na4 Qc7 9. Nxc5 Nxd4 10. Bxd4 Bxc5 11. c3 O-O 12. Bd3 Bxd4 13. cxd4 f5 14. Qd2 a6 15. O-O b5 16. Kh1 Nb6 17. b3 Qf7 18. Rg1 Qh5 19. Qa5 Rb8 20. Rac1 Bd7 21. Qxa6 h6 22. Bxb5 Bxb5 23. Qxb5 g5 24. Qc6 Rfe8 25.
Qc2 gxf4 26. Qd2 Qg4 27. a4 Rec8 28. a5 Na8 29. b4 h5 30. a6 h4 31. a7 h3 32.
axb8=Q Rxb8 33. gxh3 Qxg1+ 34. Rxg1+ Kf7 35. Qg2 Rf8 36. Qg7+ Ke8 37. Rc1 Nb6 38. Rc6 Rg8 39. Qxg8+ Kd7 40.
Qxe6+ Kd8 41. Rxb6 Kc7 42. Qd6+ Kc8 43. Rb8# 1-0

[Event "Early-Titled-Tuesday-Blitz-January-30-2024"]
[Site "Chess.com"]
[Date "2024.01.30"]
[Round "10"]
[White "eightbyeightchess"]
[Black "BeardedNM"]
[Result "1-0"]
[WhiteElo "2393"]
[BlackElo "2182"]
[TimeControl "180+1"]
[EndTime "10:01:16 PST"]
[Termination "eightbyeightchess won by resignation"]

1. e4 e6 2. d4 d5 3. e5 c5 4. c3 Qb6 5. Nf3 Nc6 6. Bd3 cxd4 7.
O-O Bd7 8. Re1 Nge7 9. h4 h6 10.
h5 dxc3 11. Nxc3 a6 12. Na4 Qc7 13. Be3 Nb4 14. Rc1 Qa5 15. Nb6 Nxd3 16. Qxd3 Bb5 17. Qd4 Nf5 18. Nxa8 Nxd4 19. Bxd4 Bb4 20. Rc8+ Kd7 21.
Rxh8 Bxe1 22. Nb6+ Qxb6 23. Bxb6 Bb4 24. Rg8 Kc6 25.
Bd4 g5 26. hxg6 fxg6 27. Rxg6 Be2 28. Rxe6+ Kd7 29. Rxh6 Bxf3 30. gxf3 Bd2 31. Rd6+ Kc7 32. Kg2 1-0

[Event "Early-Titled-Tuesday-Blitz-January-30-2024"]
[Site "Chess.com"]
[Date "2024.01.30"]
[Round "10"]
[White "stratacticos"]
[Black "Statham_01"]
[Result "1-0"]
[WhiteElo "2058"]
[BlackElo "2529"]
[TimeControl "180+1"]
[EndTime "10:01:16 PST"]
[Termination "stratacticos won by resignation"]

1. b4 a5 2. b5 Ra6 3. bxa6 Nxa6 4. e3 b6 5. Nf3 Bb7 6. Be2 Qa8 7. O-O e6 8. Bb2 f5 9. d3 Nf6 10. Nbd2 h5 11. Re1 h4 12. h3 Be7 13. Bxf6 Bxf6 14.
Rb1 g5 15. e4 g4 16. exf5 gxh3 17. fxe6 hxg2 18. exd7+ Kd8 19. Ne4 Bxe4 20. dxe4 h3 21. Bxa6 Qxa6 22. Qd3 Qb7 23. Qd5 Qa6 24. Qf5 Be7 25.
Qb5 Qb7 26. Qd5 Qa6 27. Rbd1 b5 28. Kh2 b4 29. e5 Qa7 30. Rd2 Bc5 31. e6 Bd6+ 32. Ne5 Ke7 33. Qxd6+ cxd6 34. Nc6+ Kf6 35. Nxa7 1-0

[Event "Early-Titled-Tuesday-Blitz-January-30-2024"]
[Site "Chess.com"]
[Date "2024.01.30"]
[Round "10"]
[White "Muslim_player_05"]
[Black "IngOscarArdila"]
[Result "1-0"]
[WhiteElo "2497"]
[BlackElo "2339"]
[TimeControl "180+1"]
[EndTime "10:01:17 PST"]
[Termination "Muslim_player_05 won by resignation"]

1. d4 Nf6 2. c4 g6 3. Nc3 Bg7 4. e4 d6 5. f3 O-O 6. Be3 e5 7. Nge2 Nc6 8. d5 Ne7 9. h4 h5 10. Qd2 c6 11. O-O-O cxd5 12. cxd5 Bd7 13. Kb1 Qa5 14. Nc1 Rfc8 15. Nb3 Qd8 16. Nb5 Bxb5 17. Bxb5 a6 18. Be2 b5 19. Na5 Kh7 20. Rc1 Nfg8 21. g4 hxg4 22. Rxc8 Rxc8 23. fxg4 f5 24. gxf5 gxf5 25. exf5 Bh6 26. Bxh6 Nxh6 27. f6 Nef5 28.
Nc6 Qxf6 29. Bd3 Kh8 30. Rf1 Rf8 31. Qg5 Qg7 32. a3 Rg8 33. Bxf5 Qxg5 34. hxg5 Rxg5 35. Be6 Rg2 36. Ne7 Kg7 37. Nc8 Ng4 38. Nxd6 Ne3 39. Re1 Nc4 40. Nxc4 bxc4 41. d6 Kf6 42. d7 Ke7 43. Rxe5 c3 44. Bh3+ Kd6 1-0

[Event "Early-Titled-Tuesday-Blitz-January-30-2024"]
[Site "Chess.com"]
[Date "2024.01.30"]
[Round "10"]
[White "Kotofeyca"]
[Black "secretsuperstar7"]
[Result "0-1"]
[WhiteElo "2372"]
[BlackElo "2512"]
[TimeControl "180+1"]
[EndTime "10:01:18 PST"]
[Termination "secretsuperstar7 won by checkmate"]

1. d4 Nf6 2. c4 e6 3. Nf3 b6 4. g3 Bb7 5. Bg2 Be7 6. Nc3 O-O 7. Qc2 d5 8. cxd5 exd5 9. O-O Ne4 10. Rd1 Nd7 11. Bf4 Rc8 12. Nb5 c5 13. Nxa7 Ra8 14. Nb5 Rc8 15. dxc5 Bxc5 16. Qb3 Nxf2 17. Rf1 Nh3+ 18.
Kh1 Nxf4 19. gxf4 d4 20. Nfxd4 Bxg2+ 21. Kxg2 Bxd4 22. Nxd4 Nc5 23. Qb4 Qd5+ 24. Nf3 Ne6 25. e3 Rc2+ 26. Rf2 Rfc8 27. Rf1 Qxa2 28. Qxb6 h6 29. Rxc2 Rxc2+ 30. Rf2 Rc1 31. Ne5 Qd5+ 32. Kh3 Qe4 33. Qb8+ Kh7 34. Qe8 Qxe3+ 35. Kg2 Nxf4+ 36. Rxf4 Rg1# 0-1

[Event "Early-Titled-Tuesday-Blitz-January-30-2024"]
[Site "Chess.com"]
[Date "2024.01.30"]
[Round "10"]
[White "ritanovikova"]
[Black "Casper"]
[Result "0-1"]
[WhiteElo "2198"]
[BlackElo "2504"]
[TimeControl "180+1"]
[EndTime "10:01:19 PST"]
[Termination "Casper won by checkmate"]

1. e4 g6 2. d4 Bg7 3. Nc3 d6 4.
Be3 Nf6 5. f3 Nc6 6. Qd2 e5 7.
d5 Nd4 8. Nd1 O-O 9. c3 c5 10.
cxd4 exd4 11. Bf2 Re8 12. Bd3 Nxd5 13. Ne2 Nb4 14. a3 Nxd3+ 15. Qxd3 b5 16. Qxb5 Be6 17. Qd3 c4 18. Qd2 d5 19. Bxd4 dxe4 20. Bxg7 Qh4+ 21. g3 Qh5 22. Qd4 Rad8 23. Qc3 exf3 24. Bh8 Qh6 25. Nf4 g5 26. O-O gxf4 27. Be5 Rd3 28. Qe1 Bh3 29. Bxf4 Rxe1 30. Bxh6 Rxf1# 0-1

[Event "Early-Titled-Tuesday-Blitz-January-30-2024"]
[Site "Chess.com"]
[Date "2024.01.30"]
[Round "10"]
[White "Glidzhian_Gor"]
[Black "verrbaa"]
[Result "0-1"]
[WhiteElo "2565"]
[BlackElo "2480"]
[TimeControl "180+1"]
[EndTime "10:01:20 PST"]
[Termination "verrbaa won on time"]

1. e4 e5 2. Nf3 Nc6 3. Bc4 Nf6 4. d3 Be7 5. Nbd2 d6 6. Nf1 Na5 7. Bb3 Nxb3 8. axb3 c6 9. Ng3 O-O 10. h3 Re8 11. O-O Bf8 12. Bg5 h6 13. Bxf6 Qxf6 14.
c4 g6 15. Nh2 Bg7 16. Qd2 Be6 17. Ne2 d5 18. Ng4 Qh4 19. f3 a6 20. Qe1 Qe7 21.
Qf2 h5 22. Ne3 dxe4 23. dxe4 Rad8 24. Rfd1 Qb4 25. Rxd8 Rxd8 26. Nc1 Bh6 27. Nf1 Rd1 28. Kh2 Rxc1 29. Rxc1 Bxc1 30. Qc2 Bf4+ 31. g3 Bh6 32.
Qd3 Qe1 33. Kg2 Qc1 34. Qd8+ Kg7 35. Qc7 Qxb2+ 36. Kg1 Bxh3 0-1

[Event "Early-Titled-Tuesday-Blitz-January-30-2024"]
[Site "Chess.com"]
[Date "2024.01.30"]
[Round "10"]
[White "tarno17"]
[Black "publicaccountcze"]
[Result "1-0"]
[WhiteElo "2081"]
[BlackElo "2250"]
[TimeControl "180+1"]
[EndTime "10:01:20 PST"]
[Termination "tarno17 won by resignation"]

1. e4 c5 2. Nf3 e6 3. d3 d5 4. Nbd2 Nf6 5. exd5 exd5 6. g3 Be7 7.
Bg2 O-O 8. O-O Nc6 9. h3 Qc7 10. d4 Bf5 11. c3 cxd4 12. Nxd4 Nxd4 13. cxd4 Bc2 14. Qf3 Rfe8 15. g4 Ne4 16. Nxe4 Bxe4 17. Qc3 Qxc3 18. bxc3 Bxg2 19. Kxg2 Rac8 20. Bd2 Rc7 21.
Rfe1 Rec8 22. Re5 Rd7 23. Rae1 Bf8 24. Re8 Rxe8 25. Rxe8 Re7 26. Rd8 Re2 27. Bf4 h5 28. Bd6 hxg4 29. Rxf8+ Kh7 30. hxg4 Kg6 31. Rb8 b6 32. a3 Rc2 33. Bb4 a5 34. Rxb6+ Kh7 35. Bxa5 Ra2 36. Bb4 Re2 37. a4 Re4 38. Kg3 g6 39. a5 f5 40. gxf5 gxf5 41. a6 f4+ 42. Kf3 1-0

[Event "Early-Titled-Tuesday-Blitz-January-30-2024"]
[Site "Chess.com"]
[Date "2024.01.30"]
[Round "10"]
[White "AnaKuchava"]
[Black "simonachess"]
[Result "0-1"]
[WhiteElo "2202"]
[BlackElo "2345"]
[TimeControl "180+1"]
[EndTime "10:01:21 PST"]
[Termination "simonachess won on time"]

1. d4 Nf6 2. Nf3 b6 3. c4 Bb7 4.
Nc3 e6 5. a3 Ne4 6. Qc2 Nxc3 7.
bxc3 d6 8. e4 Nd7 9. Bd3 g6 10.
O-O Bg7 11. Be3 O-O 12. a4 a5 13. Rab1 Qe7 14. Bg5 f6 15. Be3 e5 16. Qb3 Kh8 17.
Qa3 f5 18. Bg5 Qf7 19. Nd2 f4 20. f3 exd4 21. cxd4 Bxd4+ 22. Kh1 Nc5 23. Bc2 Bg7 24. Rfd1 Bc8 25. Bb3 Be6 26. Qc1 Nd3 27. Qc2 Nf2+ 28. Kg1 Nxd1 29. Rxd1 h6 30. Bh4 Bd4+ 31. Kh1 c5 32. Ba2 Bg7 33. Bb1 Be5 34. Bf2 g5 35.
Nb3 g4 36. Nc1 gxf3 37. gxf3 Rg8 38. Nd3 Qh5 39. Qe2 Bxc4 40. Ba2 Bxa2 41. Nxe5 dxe5 0-1

[Event "Early-Titled-Tuesday-Blitz-January-30-2024"]
[Site "Chess.com"]
[Date "2024.01.30"]
[Round "10"]
[White "Brahianzevich"]
[Black "Alimpic"]
[Result "1-0"]
[WhiteElo "2391"]
[BlackElo "2502"]
[TimeControl "180+1"]
[EndTime "10:01:23 PST"]
[Termination "Brahianzevich won on time"]

1. e4 c5 2. Nf3 d6 3. d4 cxd4 4. Nxd4 Nf6 5. Nc3 Nc6 6. Bg5 e6 7. Qd2 a6 8. O-O-O Bd7 9. f4 b5 10. Bxf6 gxf6 11. Kb1 Be7 12. f5 b4 13. fxe6 fxe6 14.
Nce2 e5 15. Nxc6 Bxc6 16. Ng3 a5 17. Bc4 Qb6 18. Nf5 Bxe4 19. Ng7+ Kd8 20. Qe2 f5 21. Bd5 Rc8 22. Bxe4 fxe4 23. Qxe4 Qc6 24. Ne6+ Ke8 25.
Qf5 Qxg2 26. Rhf1 Qg6 27. Ng7+ Kd8 28. Ne6+ Ke8 29. Qh3 Rxc2 30. Ka1 1-0

[Event "Early-Titled-Tuesday-Blitz-January-30-2024"]
[Site "Chess.com"]
[Date "2024.01.30"]
[Round "10"]
[White "Pastore1978"]
[Black "Shushik"]
[Result "0-1"]
[WhiteElo "2277"]
[BlackElo "2506"]
[TimeControl "180+1"]
[EndTime "10:01:23 PST"]
[Termination "Shushik won by resignation"]

1. e4 e5 2. Nf3 Nc6 3. d4 exd4 4. Nxd4 Bc5 5. Nb3 Bb6 6. Nc3 Nf6 7. Qe2 d6 8. Be3 Qe7 9. f3 Be6 10. O-O-O O-O-O 11. Bxb6 axb6 12. Nd4 Bd7 13. Ndb5 Rhe8 14. Qc4 Be6 15.
Qa4 Kb8 16. g3 d5 17. e5 Nd7 18. f4 Nc5 19. Qa3 f6 20. Bg2 fxe5 21. Bxd5 Bxd5 22.
Nxd5 Rxd5 23. Rxd5 exf4 24. gxf4 Qe4 25. Rhd1 Qxf4+ 26. Kb1 Qg4 27. Qg3 Qxg3 28. hxg3 Kc8 29. a3 g6 30. Rh1 h5 31. Ka2 Ne4 32. Rd3 Nf2 33. Rhd1 Nxd1 34. Rxd1 Re3 35. Rf1 Kd7 36. Rf7+ Ne7 37. Nc3 Ke8 38. Rg7 Kf8 39. Rh7 Kg8 40. Nd1 Re1 41. Rxe7 Rxe7 42. Nf2 g5 43. Nh3 Re5 44.
Nf4 gxf4 45. gxf4 Rf5 0-1

[Event "Early-Titled-Tuesday-Blitz-January-30-2024"]
[Site "Chess.com"]
[Date "2024.01.30"]
[Round "10"]
[White "amintabatabaei"]
[Black "MikaelyanArman"]
[Result "1-0"]
[WhiteElo "2956"]
[BlackElo "2854"]
[TimeControl "180+1"]
[EndTime "10:01:24 PST"]
[Termination "amintabatabaei won by resignation"]

1. d4 d5 2. Nf3 Nf6 3. Bg5 Ne4 4. Be3 Bf5 5. Nh4 Bc8 6. g3 h5 7. Bg2 e6 8. c4 Be7 9. Nf3 h4 10. O-O c6 11. Nc3 Nd7 12. Qc2 f5 13. Rad1 Bf6 14. b4 Qe7 15. b5 g5 16. bxc6 bxc6 17. cxd5 cxd5 18. Nb5 Rb8 19. Nxa7 Bb7 20. Rb1 hxg3 21. hxg3 g4 22. Rxb7 gxf3 23. exf3 Qh7 24. Rxb8+ Nxb8 25. Rb1 Qxa7 26. fxe4 fxe4 27. Qc8+ Kf7 28. Rb7+ Be7 29. Rxe7+ Kxe7 30. Qxh8 Nc6 31. Qg7+ Kd8 32. Qxa7 Nxa7 33. a4 Nc6 34. f3 exf3 35. Bxf3 Ke7 36. Kf2 Kf6 37. Ke2 e5 38. Bxd5 Nb4 39. Be4 1-0

[Event "Early-Titled-Tuesday-Blitz-January-30-2024"]
[Site "Chess.com"]
[Date "2024.01.30"]
[Round "10"]
[White "CarlosjPineror"]
[Black "Shield12"]
[Result "0-1"]
[WhiteElo "2677"]
[BlackElo "2979"]
[TimeControl "180+1"]
[EndTime "10:01:27 PST"]
[Termination "Shield12 won by resignation"]

1. e4 c5 2. Nf3 e6 3. g3 Nc6 4.
Bg2 Nf6 5. Qe2 e5 6. O-O Be7 7. c3 O-O 8. d4 cxd4 9. cxd4 exd4 10. e5 Ne8 11. Rd1 Qb6 12. Nbd2 d5 13. Nb3 Bg4 14.
h3 Bxf3 15. Bxf3 Nc7 16. Bf4 Rad8 17. Nc1 Ne6 18. Nd3 Nb4 19. a3 Nxd3 20. Rxd3 Nc5 21. Rdd1 d3 22. Qf1 Qxb2 23. Qg2 Qd4 24. Rab1 a5 25. Qf1 g5 26. Be3 Qxe5 27. Bxc5 Bxc5 28. Kg2 Bxa3 29. Rxb7 d4 30. Qxd3 Bb4 31. Rc1 Bc3 32. Rcb1 Bb4 33. Rc1 Rc8 34. Rxc8 Rxc8 35. Be4 h6 36.
Qf3 Rf8 37. Bd5 Be7 38. g4 Kg7 39. Be4 a4 40. Qd3 a3 41. Ra7 Bd6 42. Ra6 Re8 43. Bf3 Qh2+ 44. Kf1 Qxh3+ 45. Kg1 Bh2+ 0-1

[Event "Early-Titled-Tuesday-Blitz-January-30-2024"]
[Site "Chess.com"]
[Date "2024.01.30"]
[Round "10"]
[White "Predator0608"]
[Black "Mikhail_Golubev"]
[Result "1-0"]
[WhiteElo "2498"]
[BlackElo "2657"]
[TimeControl "180+1"]
[EndTime "10:01:27 PST"]
[Termination "Predator0608 won on time"]

1. e4 c5 2. Nf3 d6 3. d4 cxd4 4.
Nxd4 Nf6 5. Nc3 g6 6. Be3 Bg7 7. Qd2 Ng4 8. Bb5+ Bd7 9. O-O-O Nxe3 10. Qxe3 Nc6 11. Nce2 Rc8 12. f4 O-O 13. Nxc6 bxc6 14. Bd3 Rb8 15. c3 Qa5 16. Bc4 Bg4 17. Bb3 c5 18. h3 Bxe2 19. Qxe2 c4 20. Qxc4 Rfc8 21.
Qxf7+ Kh8 22. e5 dxe5 23. Rd7 exf4 24. Qxe7 Qe5 25. Re1 Qf6 26. Qxf6 Bxf6 27. Re6 Bd4 28. Rxd4 1-0

[Event "Early-Titled-Tuesday-Blitz-January-30-2024"]
[Site "Chess.com"]
[Date "2024.01.30"]
[Round "10"]
[White "Arlo2024"]
[Black "Darkbluelord"]
[Result "1-0"]
[WhiteElo "2274"]
[BlackElo "2118"]
[TimeControl "180+1"]
[EndTime "10:01:27 PST"]
[Termination "Arlo2024 won by resignation"]

1. e4 c5 2. Nc3 d6 3. g3 g6 4. Bg2 Bg7 5. d3 Nf6 6. Nge2 O-O 7. O-O Nc6 8. f4 Rb8 9. h3 Bd7 10. a4 a6 11. g4 b6 12. Ng3 Nd4 13. g5 Ne8 14.
Nd5 e6 15. Ne3 b5 16. c3 Nc6 17. axb5 axb5 18. h4 b4 19. Bd2 bxc3 20. bxc3 Rb2 21. Nc4 Rb8 22. h5 f6 23. gxf6 Nxf6 24. hxg6 hxg6 25.
Nxd6 Be8 26. e5 Nd5 27. Qg4 Qe7 28. Nge4 Rb2 29. Bc1 Rc2 30. c4 Nc3 31. Nxc5 Ne2+ 32.
Kh2 Nxc1 33. Raxc1 Rxc1 34. Rxc1 Nxe5 35. Qxe6+ Qxe6 36. Nxe6 Rf6 37. Nxg7 Ng4+ 38. Kg3 Rxd6 39. Nxe8 Rxd3+ 40. Kxg4 Kf7 41. Nc7 Rd2 42. Bd5+ Kg7 43. Ne6+ Kf6 44.
Ng5 Rh2 45. c5 Rd2 46. Bf3 Rd7 47. c6 Rc7 48. Rb1 1-0

[Event "Early-Titled-Tuesday-Blitz-January-30-2024"]
[Site "Chess.com"]
[Date "2024.01.30"]
[Round "10"]
[White "Karttunen"]
[Black "vlad10898"]
[Result "1/2-1/2"]
[WhiteElo "2638"]
[BlackElo "2809"]
[TimeControl "180+1"]
[EndTime "10:01:28 PST"]
[Termination "Game drawn by repetition"]

1. e4 e6 2. d4 d5 3. Nc3 dxe4 4.
Nxe4 Nd7 5. Nf3 Ngf6 6. Nxf6+ Nxf6 7. c3 Bd6 8. Bd3 b6 9. Qa4+ Bd7 10. Qc2 Bc6 11.
Ne5 Bxe5 12. dxe5 Nd7 13. Bf4 Nc5 14. O-O-O Nxd3+ 15. Rxd3 Qh4 16. Bg3 Qh6+ 17. f4 O-O 18.
Qd2 Qg6 19. Rd1 Qe4 20. Rg1 Qa4 21. b3 Qa3+ 22. Qb2 Qxb2+ 23. Kxb2 Rfd8 24. Rd4 Rxd4 25. cxd4 Bd5 26. Bh4 Kf8 27. Rc1 c6 28. g4 Ke8 29. f5 Kd7 30. Rg1 Rh8 31. f6 g6 32.
Bf2 h5 33. g5 a5 34. h4 Ra8 35. a3 Rb8 36. Rc1 Kc7 37. Rc3 Kb7 38. Be3 Ka6 39. Bf2 Rd8 40. Be3 Be4 41. Kc1 Kb7 42. Bf2 Rd5 43.
Be3 Rb5 44. Bf2 Bd5 45. Kc2 Be4+ 46. Kc1 Rd5 47. Be3 Ka6 48. Bf2 Kb7 1/2-1/2

[Event "Early-Titled-Tuesday-Blitz-January-30-2024"]
[Site "Chess.com"]
[Date "2024.01.30"]
[Round "10"]
[White "ilushka"]
[Black "JoachimBN"]
[Result "0-1"]
[WhiteElo "2374"]
[BlackElo "2608"]
[TimeControl "180+1"]
[EndTime "10:01:30 PST"]
[Termination "JoachimBN won by checkmate"]

1. e4 c5 2. Nf3 g6 3. d4 cxd4 4. Nxd4 Bg7 5. c4 Nc6 6. Be3 d6 7. Nc3 Nf6 8. Be2 O-O 9. O-O Bd7 10. Nc2 a5 11. f3 Rc8 12. Qd2 Be6 13. Na3 Ne5 14. Nd5 Bxd5 15. cxd5 e6 16. dxe6 fxe6 17. Rfd1 d5 18. exd5 Nxd5 19. Bd4 Qh4 20. Bf2 Qb4 21. Be1 Nf4 22. Bf1 Qxd2 23. Bxd2 g5 24. Bxa5 g4 25. fxg4 Nxg4 26. Nc4 b5 27. Nd6 Rc2 28. Rd2 Rxd2 29. Bxd2 Bxb2 30. h3 Bxa1 31. hxg4 Bd4+ 32. Kh2 Be5 33.
Nxb5 Nh3+ 34. Kxh3 Rxf1 35. a4 Rh1# 0-1

[Event "Early-Titled-Tuesday-Blitz-January-30-2024"]
[Site "Chess.com"]
[Date "2024.01.30"]
[Round "10"]
[White "Caroexpert"]
[Black "dretch"]
[Result "0-1"]
[WhiteElo "2592"]
[BlackElo "2809"]
[TimeControl "180+1"]
[EndTime "10:01:32 PST"]
[Termination "dretch won by resignation"]

1. d4 d5 2. Nf3 Nf6 3. Bf4 Nh5 4. Bd2 Nd7 5. c4 e6 6. Nc3 Nhf6 7. Bg5 h6 8. Bh4 Bb4 9. cxd5 exd5 10. Nd2 Nb6 11. e3 Bf5 12. Qf3 Qd7 13. Bxf6 gxf6 14. g4 Bxg4 15. Qxf6 Rg8 16. Rg1 Rg6 17. Qh8+ Bf8 18.
Bd3 O-O-O 19. Bxg6 fxg6 20. Qf6 g5 21. Qg6 Bf5 22. Qh5 c5 23. dxc5 d4 24. Nce4 dxe3 25. fxe3 Nd5 26. Qe2 Nb4 27. O-O-O Qa4 28. Nc4 Nxa2+ 29.
Kb1 Bxe4+ 30. Ka1 Nc3+ 31. Na3 Nxe2 32. Rxd8+ Kxd8 0-1

[Event "Early-Titled-Tuesday-Blitz-January-30-2024"]
[Site "Chess.com"]
[Date "2024.01.30"]
[Round "10"]
[White "manitodeplomo"]
[Black "shimastream"]
[Result "0-1"]
[WhiteElo "2681"]
[BlackElo "2997"]
[TimeControl "180+1"]
[EndTime "10:01:32 PST"]
[Termination "shimastream won on time"]

1. d4 b6 2. e4 Bb7 3. Bd3 e6 4.
Nf3 c5 5. c3 Nf6 6. Qe2 d5 7. e5 Nfd7 8. O-O Be7 9. a3 Nc6 10. b4 g5 11. Be3 h5 12. Nbd2 g4 13.
Ne1 Qc7 14. f4 O-O-O 15. Bb5 f6 16. Nd3 c4 17. Nb2 fxe5 18. fxe5 Rdf8 19. Ba4 a5 20. Rfc1 h4 21. Qxg4 h3 22. Qxe6 Re8 23. Rf1 hxg2 24. Rf7 Nd8 25. Qxd7+ Qxd7 26. Bxd7+ Kxd7 27. Rf2 Rh3 28. Bf4 Rxc3 0-1

[Event "Early-Titled-Tuesday-Blitz-January-30-2024"]
[Site "Chess.com"]
[Date "2024.01.30"]
[Round "10"]
[White "winniethepooh04"]
[Black "Laico"]
[Result "1-0"]
[WhiteElo "2539"]
[BlackElo "2375"]
[TimeControl "180+1"]
[EndTime "10:01:34 PST"]
[Termination "winniethepooh04 won on time"]

1. d4 e6 2. Nf3 f5 3. Bf4 b6 4. e3 Bb7 5. Nbd2 Nf6 6. Be2 Be7 7. h3 O-O 8. O-O d6 9. c4 Qe8 10. Rc1 Nbd7 11. b4 Ne4 12. Bh2 Qg6 13. Nxe4 Bxe4 14. Qb3 Kh8 15. Rfd1 Nf6 16. Ne1 Nh5 17. Bf3 Bh4 18. c5 f4 19. cxd6 cxd6 20. Rc7 Bd5 21. Bxd5 fxe3 22. fxe3 exd5 23. Qxd5 Ng3 24. Nf3 Ne2+ 25.
Kh1 Bg3 26. Qc4 Bxh2 27. Qxe2 Bg3 28. Rdc1 h6 29. a4 Rae8 30. Rxa7 Bf4 31. Rc3 Qe4 32.
Qd3 Qxd3 33. Rxd3 Bxe3 34. Rd1 Ra8 35. Rxa8 Rxa8 36. Ra1 Kg8 37. a5 bxa5 38. bxa5 Ra6 39. Ra3 Bf2 40. g4 Bg3 41. Kg2 Bf4 42. Ra2 Kf7 43. Kf1 Ke6 44. Ke2 Kd5 45. Kd3 Bg3 46. Nd2 Be1 47. Nc4 Bb4 48. Rb2 1-0

[Event "Early-Titled-Tuesday-Blitz-January-30-2024"]
[Site "Chess.com"]
[Date "2024.01.30"]
[Round "10"]
[White "aksuliini1"]
[Black "MaxLeto"]
[Result "1-0"]
[WhiteElo "2516"]
[BlackElo "2370"]
[TimeControl "180+1"]
[EndTime "10:01:35 PST"]
[Termination "aksuliini1 won on time"]

1. e4 c5 2. Nf3 d6 3. d4 cxd4 4. Nxd4 Nf6 5. Nc3 a6 6. h3 e6 7.
g4 Qc7 8. g5 Nfd7 9. Bg2 Be7 10. h4 Nc6 11. Be3 O-O 12. O-O Nde5 13. Qe2 b5 14.
Rad1 Bb7 15. f4 Nc4 16. f5 Nxd4 17. Bxd4 e5 18. f6 exd4 19. fxe7 Qxe7 20. Rxd4 Nxb2 21. Rb1 Nc4 22. a4 Qe5 23. Qf2 Bc6 24. Bf1 Qc5 25.
Rbd1 Rfe8 26. Bxc4 bxc4 27. Rxd6 Bxe4 28. Qxc5 Bg6 29. Kf2 a5 30. Re1 Rec8 31. Rc6 Rd8 32. Rd6 Rf8 33. Qd5 Bxc2 34. Rd7 Bd3 35. Rxf7 Rxf7+ 36.
Kg3 1-0

[Event "Early-Titled-Tuesday-Blitz-January-30-2024"]
[Site "Chess.com"]
[Date "2024.01.30"]
[Round "10"]
[White "FLYD"]
[Black "kai_nov"]
[Result "1-0"]
[WhiteElo "2054"]
[BlackElo "2231"]
[TimeControl "180+1"]
[EndTime "10:01:35 PST"]
[Termination "FLYD won on time"]

1. e4 c5 2. Nf3 Nc6 3. Bb5 g6 4.
O-O Bg7 5. c3 d6 6. d4 cxd4 7.
cxd4 Bd7 8. Nc3 a6 9. Bc4 e6 10. Bf4 e5 11. Bg3 exd4 12. Nd5 Ne5 13. Bb3 Ne7 14.
Nxe5 dxe5 15. Bh4 f6 16. Nxf6+ Bxf6 17. Bxf6 Rf8 18. Bxe5 Nc6 19. Bd6 Qf6 20. e5 Qf5 21. e6 Bc8 22. Bxf8 Qxf8 23. Bd5 Qd6 24. Bxc6+ bxc6 25. Qa4 Bxe6 26. Rad1 Kf7 27. Rxd4 Qc5 28. Rf4+ Bf5 29.
g4 Rg8 30. gxf5 gxf5+ 31. Kh1 Qd5+ 32. f3 Qd3 33. Qc4+ 1-0

[Event "Early-Titled-Tuesday-Blitz-January-30-2024"]
[Site "Chess.com"]
[Date "2024.01.30"]
[Round "10"]
[White "SaiAgni_98"]
[Black "yjjga"]
[Result "1-0"]
[WhiteElo "2574"]
[BlackElo "2444"]
[TimeControl "180+1"]
[EndTime "10:01:36 PST"]
[Termination "SaiAgni_98 won by checkmate"]

1. e4 c5 2. Nf3 Nc6 3. Bb5 Nd4 4. Bc4 Nxf3+ 5. Qxf3 e6 6. O-O g6 7. Re1 Bg7 8. c3 Ne7 9. d3 O-O 10. Be3 d5 11.
Bb3 b6 12. exd5 Nxd5 13. Bxd5 Qxd5 14. Qxd5 exd5 15. Nd2 Ba6 16. d4 Rac8 17. Nf3 Rfe8 18. a4 Bc4 19. a5 Re6 20. h4 cxd4 21. Nxd4 Bxd4 22. Bxd4 Rxe1+ 23. Rxe1 bxa5 24. Bxa7 Ra8 25. Bd4 Rb8 26. Re7 a4 27. Ra7 Bb3 28. g4 h6 29.
g5 hxg5 30. hxg5 Re8 31. Kg2 Kf8 32. Bc5+ Kg8 33. Kg3 Bc2 34. f4 Kg7 35. Bd4+ Kf8 36. Rd7 Bb3 37. Be5 Re6 38. Rd8+ Ke7 39. Ra8 Rb6 40.
Ra7+ Ke6 41. Bd4 Rb5 42. Ra6+ Ke7 43. Bf6+ Kd7 44. Ra7+ Ke6 45. Re7+ Kf5 46. Re5# 1-0

[Event "Early-Titled-Tuesday-Blitz-January-30-2024"]
[Site "Chess.com"]
[Date "2024.01.30"]
[Round "10"]
[White "olawsson"]
[Black "GMT4114"]
[Result "1-0"]
[WhiteElo "2175"]
[BlackElo "1942"]
[TimeControl "180+1"]
[EndTime "10:01:36 PST"]
[Termination "olawsson won on time"]

1. d4 e6 2. Nf3 f5 3. g3 Nf6 4. Bg2 Be7 5. O-O d6 6. b3 O-O 7. Bb2 Ne4 8. Nbd2 Nd7 9. Nxe4 fxe4 10. Nd2 d5 11. f3 e3 12. Nb1 Bf6 13. f4 c5 14. c3 a5 15. a4 Qb6 16. Na3 g6 17. Nb5 Bg7 18. Ba3 Rf7 19. Qd3 cxd4 20. cxd4 Nf6 21. Bc5 Qd8 22. Qxe3 Bd7 23. Qd3 Bxb5 24. Qxb5 Ng4 25. Bh3 h5 26. Rac1 Qf6 27. Bxg4 hxg4 28.
e3 Qf5 29. Rc3 Qe4 30. Qd3 Qf5 31. Rfc1 Qh5 32. Bd6 Kh7 33. Rc7 Rxc7 34. Rxc7 1-0